3A
PUT-IN-BAY BC @ MONROEVILLE YINZERS
07/26/2042
 
TOP OF THE 1ST
Put-In-Bay BC batting - Pitching for Monroeville Yinzers : RHP António Haritos
Pitching: RHP António Haritos
Batting: LHB Fernan Espinoza 0-0: Ball
1-0: Ball
2-0: Ball
3-0: Base on Balls
Batting: SHB Héctor Solís 0-0: Ball
1-0: Swinging Strike
1-1: Ball
2-1: Fielders Choice at 2nd, 1-6 (Groundball, 23, EV 91.2 MPH)
Batting: RHB Chris P. Bacon 0-0: Called Strike
0-1: Ball
1-1: Ball
2-1: Fly out, F9 (Flyball, 9LS, EV 82.5 MPH)
Batting: SHB Patrick Sullivan 0-0: Ball
1-0: Called Strike
1-1: Foul Ball, location: 2F
1-2: Ball
2-2: Strikes out swinging
Top of the 1st over - 0 runs, 0 hits, 0 errors, 1 left on base; Put-In-Bay 0 - Monroeville 0
BOTTOM OF THE 1ST
Monroeville Yinzers batting - Pitching for Put-In-Bay BC : LHP Thomas Canó
Pitching: LHP Thomas Canó
Batting: SHB Cristo López 0-0: Called Strike
0-1: Foul Ball, location: 2F
0-2: Ball
1-2: SINGLE (Line Drive, 89S, EV 87.5 MPH)
Batting: SHB Chong-hun Cho 0-0: SINGLE (Line Drive, 9LS, EV 105.0 MPH)
Cristo López to second
Batting: RHB Félix Pacheco 0-0: Ball
1-0: Foul Ball, location: 2F
1-1: Ball
2-1: Swinging Strike
2-2: Foul Ball, location: 2F
2-2: Strikes out looking
Batting: RHB Dave Hall 0-0: Swinging Strike
0-1: Called Strike
0-2: DOUBLE (Flyball, 89XD, EV 95.0 MPH)
Cristo López scores
Chong-hun Cho to third
Batting: LHB Gustavo Gonzáles 0-0: Called Strike
0-1: Ball
1-1: Foul Ball, location: 2F
1-2: Ball
2-2: Strikes out looking
Batting: SHB John Clay 0-0: Called Strike
0-1: Ground out 6-3 (Groundball, 6, EV 78.1 MPH)
Bottom of the 1st over - 1 run, 3 hits, 0 errors, 2 left on base; Put-In-Bay 0 - Monroeville 1
TOP OF THE 2ND
Put-In-Bay BC batting - Pitching for Monroeville Yinzers : RHP António Haritos
Batting: LHB Tom Bruce 0-0: Ball
1-0: Ball
2-0: Ball
3-0: Called Strike
3-1: Fly out, F7 (Flyball, 7, EV 90.0 MPH)
Batting: RHB Bang-xao Li 0-0: Called Strike
0-1: Fly out, F3 (Popup, 3F, EV 66.2 MPH)
Batting: LHB Rob Litten 0-0: Ball
1-0: Ball
2-0: Foul Ball, location: 2F
2-1: Ball
3-1: Base on Balls
Batting: SHB Juan Gallardo 0-0: Ball
1-0: Fielders Choice at 2nd, 5-4 (Groundball, 5, EV 83.1 MPH)
Top of the 2nd over - 0 runs, 0 hits, 0 errors, 1 left on base; Put-In-Bay 0 - Monroeville 1
BOTTOM OF THE 2ND
Monroeville Yinzers batting - Pitching for Put-In-Bay BC : LHP Thomas Canó
Batting: RHB Mike Sackett 0-0: Ground out 6-3 (Groundball, 6, EV 82.5 MPH)
Batting: RHB Christian Bray 0-0: Called Strike
0-1: Ball
1-1: Foul Ball, location: 2F
1-2: Strikes out swinging
Batting: RHB Jackson Duffy 0-0: Called Strike
0-1: Ball
1-1: SINGLE (Groundball, 56D, EV 103.8 MPH)
Batting: SHB Cristo López 0-0: Ball
1-0: SINGLE (Flyball, 89S, EV 96.9 MPH)
Jackson Duffy to second
Runner from 2nd tries for 3rd, SAFE, no throw by RF
Batting: SHB Chong-hun Cho 0-0: Ground out 4-3 (Groundball, 4, EV 85.6 MPH)
Bottom of the 2nd over - 0 runs, 2 hits, 0 errors, 2 left on base; Put-In-Bay 0 - Monroeville 1
TOP OF THE 3RD
Put-In-Bay BC batting - Pitching for Monroeville Yinzers : RHP António Haritos
Batting: RHB Mark Mathews 0-0: Ball
1-0: Foul Ball, location: 2F
1-1: Called Strike
1-2: Ball
2-2: Foul Ball, location: 2F
2-2: Ball
3-2: Ground out 6-3 (Groundball, 6, EV 88.1 MPH)
Batting: LHB Fernan Espinoza 0-0: Ball
1-0: Ball
2-0: Called Strike
2-1: Ball
3-1: Foul Ball, location: 2F
3-2: TRIPLE (Flyball, 78XD, EV 106.9 MPH)
Batting: SHB Héctor Solís 0-0: Called Strike
0-1: SINGLE (Groundball, 3D, EV 100.6 MPH)
Fernan Espinoza scores
Batting: RHB Chris P. Bacon 0-0: Ball
1-0: Ball
2-0: Called Strike
2-1: Called Strike
2-2: Grounds into double play, 4-6-3 (Groundball, 4, EV 85.6 MPH)
Top of the 3rd over - 1 run, 2 hits, 0 errors, 0 left on base; Put-In-Bay 1 - Monroeville 1
BOTTOM OF THE 3RD
Monroeville Yinzers batting - Pitching for Put-In-Bay BC : LHP Thomas Canó
Batting: RHB Félix Pacheco 0-0: Swinging Strike
0-1: Called Strike
0-2: Foul Ball, location: 2F
0-2: Ball
1-2: Foul Ball, location: 2F
1-2: Ball
2-2: Strikes out swinging
Batting: RHB Dave Hall 0-0: Ball
1-0: SINGLE (Flyball, 78S, EV 91.2 MPH)
Batting: LHB Gustavo Gonzáles 0-0: Called Strike
0-1: Fly out, F8 (Flyball, 78XD, EV 106.2 MPH)
Batting: SHB John Clay 0-0: Fly out, F9 (Flyball, 9LM, EV 87.5 MPH)
Bottom of the 3rd over - 0 runs, 1 hit, 0 errors, 1 left on base; Put-In-Bay 1 - Monroeville 1
TOP OF THE 4TH
Put-In-Bay BC batting - Pitching for Monroeville Yinzers : RHP António Haritos
Batting: SHB Patrick Sullivan 0-0: Foul Ball, location: 2F
0-1: Ground out 4-3 (Groundball, 4, EV 108.8 MPH)
Batting: LHB Tom Bruce 0-0: Ball
1-0: Ball
2-0: Called Strike
2-1: Swinging Strike
2-2: Ball
3-2: Base on Balls
Batting: RHB Bang-xao Li 0-0: Ball
1-0: SINGLE (Groundball, 34D, EV 96.9 MPH)
Tom Bruce to second
Runner from 2nd tries for 3rd, SAFE, throw by RF made to third
Batting: LHB Rob Litten 0-0: SINGLE (Line Drive, 89M, EV 86.9 MPH)
Tom Bruce scores
Bang-xao Li to second
Batting: SHB Juan Gallardo 0-0: Called Strike
0-1: Foul Ball, location: 2F
0-2: Ball
1-2: Ball
2-2: Ball
3-2: Foul Ball, location: 2F
3-2: Strikes out swinging
Batting: RHB Mark Mathews 0-0: Foul Ball, location: 2F
0-1: Foul Ball, location: 2F
0-2: Strikes out swinging
Top of the 4th over - 1 run, 2 hits, 0 errors, 2 left on base; Put-In-Bay 2 - Monroeville 1
BOTTOM OF THE 4TH
Monroeville Yinzers batting - Pitching for Put-In-Bay BC : LHP Thomas Canó
Batting: RHB Mike Sackett 0-0: Called Strike
0-1: Ball
1-1: Swinging Strike
1-2: Foul Ball, location: 2F
1-2: Foul Ball, location: 2F
1-2: Ball
2-2: Foul Ball, location: 2F
2-2: Strikes out swinging
Batting: RHB Christian Bray 0-0: Foul Ball, location: 2F
0-1: Foul Ball, location: 2F
0-2: Ball
1-2: Ball
2-2: Strikes out swinging
Batting: RHB Jackson Duffy 0-0: Ground out 1-3 (Groundball, 13S, EV 65.6 MPH)
Bottom of the 4th over - 0 runs, 0 hits, 0 errors, 0 left on base; Put-In-Bay 2 - Monroeville 1
TOP OF THE 5TH
Put-In-Bay BC batting - Pitching for Monroeville Yinzers : RHP António Haritos
Batting: LHB Fernan Espinoza 0-0: Ball
1-0: Foul Ball, location: 2F
1-1: Ball
2-1: DOUBLE (Flyball, 78D, EV 91.9 MPH)
Batting: SHB Héctor Solís 0-0: Ground out 5-3 (Groundball, 56, EV 105.6 MPH)
Batting: RHB Chris P. Bacon 0-0: Foul Ball, location: 2F
0-1: Foul Ball, location: 2F
0-2: SINGLE (Flyball, 9S, EV 94.4 MPH)
Fernan Espinoza to third
Runner from 3rd tries for Home, SAFE, throw by RF to home
Batting: SHB Patrick Sullivan 0-0: Ball
1-0: Called Strike
1-1: Called Strike
1-2: Ball
2-2: Ball
3-2: Fly out, F6 (Popup, 6M, EV 58.1 MPH)
Pitching: RHP Jeff Haley
Batting: LHB Tom Bruce 0-0: DOUBLE (Line Drive, 9LS, EV 103.1 MPH)
Chris P. Bacon to third
Runner from 3rd tries for Home, SAFE, throw by RF to home
Batting: RHB Bang-xao Li 0-0: Called Strike
0-1: Foul Ball, location: 2F
0-2: Ball
1-2: Strikes out looking
Top of the 5th over - 2 runs, 3 hits, 0 errors, 1 left on base; Put-In-Bay 4 - Monroeville 1
BOTTOM OF THE 5TH
Monroeville Yinzers batting - Pitching for Put-In-Bay BC : LHP Thomas Canó
Batting: SHB Cristo López 0-0: Ball
1-0: Called Strike
1-1: Ball
2-1: SINGLE (Groundball, 6MD, EV 105.0 MPH)
Batting: SHB Chong-hun Cho 0-0: Ball
1-0: Foul Ball, location: 2F
1-1: Ball
2-1: DOUBLE (Groundball, 5L, EV 104.4 MPH)
Cristo López to third
Batting: RHB Félix Pacheco 0-0: Called Strike
0-1: Called Strike
0-2: Ball
1-2: Ball
2-2: Foul Ball, location: 2F
2-2: Foul Ball, location: 2F
2-2: Ball
3-2: Ground out 4-3 (Groundball, 4D, EV 104.4 MPH)
Cristo López scores
Chong-hun Cho to third
Batting: RHB Dave Hall 0-0: Called Strike
0-1: Ball
1-1: Swinging Strike
1-2: Ball
2-2: Ball
3-2: Base on Balls
Batting: LHB Gustavo Gonzáles 0-0: Ball
1-0: Swinging Strike
1-1: Ball
2-1: Ball
3-1: Base on Balls
Dave Hall to second
Batting: SHB John Clay 0-0: Swinging Strike
0-1: Foul Ball, location: 2F
0-2: Ball
1-2: Ball
2-2: Foul Ball, location: 2F
2-2: Grounds into double play, 4-6-3 (Groundball, 4, EV 77.5 MPH)
Bottom of the 5th over - 1 run, 2 hits, 0 errors, 2 left on base; Put-In-Bay 4 - Monroeville 2
TOP OF THE 6TH
Put-In-Bay BC batting - Pitching for Monroeville Yinzers : RHP Jeff Haley
Batting: LHB Rob Litten 0-0: Swinging Strike
0-1: Ball
1-1: Swinging Strike
1-2: Strikes out swinging
Batting: SHB Juan Gallardo 0-0: Foul Ball, location: 2F
0-1: Ball
1-1: Ball
2-1: Ground out 6-3 (Groundball, 6, EV 84.4 MPH)
Batting: RHB Mark Mathews 0-0: Ball
1-0: Ball
2-0: Fly out, F4 (Popup, 13, EV 73.8 MPH)
Top of the 6th over - 0 runs, 0 hits, 0 errors, 0 left on base; Put-In-Bay 4 - Monroeville 2
BOTTOM OF THE 6TH
Monroeville Yinzers batting - Pitching for Put-In-Bay BC : LHP Thomas Canó
Batting: RHB Mike Sackett 0-0: Ground out 4-3 (Groundball, 34, EV 80.6 MPH)
Batting: RHB Christian Bray 0-0: Ball
1-0: Ball
2-0: Foul Ball, location: 2F
2-1: Ball
3-1: DOUBLE (Line Drive, 7D, EV 100.0 MPH)
Batting: RHB Jackson Duffy 0-0: Ball
1-0: Called Strike
1-1: Foul Ball, location: 2F
1-2: Ball
2-2: Strikes out looking
Pitching: RHP António León
Batting: SHB Cristo López 0-0: Ground out 6-3 (Groundball, 6, EV 96.2 MPH)
Bottom of the 6th over - 0 runs, 1 hit, 0 errors, 1 left on base; Put-In-Bay 4 - Monroeville 2
TOP OF THE 7TH
Put-In-Bay BC batting - Pitching for Monroeville Yinzers : RHP Jeff Haley
Batting: LHB Fernan Espinoza 0-0: SINGLE (Groundball, 4MD, EV 96.2 MPH)
Batting: SHB Héctor Solís 0-0: Ball
1-0: Bunted foul
1-1: Ball
2-1: Ball
3-1: Sac Bunt to 15S - play at first, batter OUT! 1-4
Fernan Espinoza to second
Batting: RHB Chris P. Bacon 0-0: SINGLE (Line Drive, 9S, EV 105.6 MPH)
Fernan Espinoza to third
Runner from 3rd tries for Home, SAFE, throw by RF to home
Batting: SHB Patrick Sullivan Pickoff Throw to First - Out! 1-3
0-0: Ground out 6-3 (Groundball, 6, EV 82.5 MPH)
Top of the 7th over - 1 run, 2 hits, 0 errors, 0 left on base; Put-In-Bay 5 - Monroeville 2
BOTTOM OF THE 7TH
Monroeville Yinzers batting - Pitching for Put-In-Bay BC : RHP António León
Batting: SHB Chong-hun Cho 0-0: Ball
1-0: Foul Ball, location: 2F
1-1: Swinging Strike
1-2: Strikes out swinging
Batting: RHB Félix Pacheco 0-0: Ball
1-0: Ball
2-0: Called Strike
2-1: Foul Ball, location: 2F
2-2: Ball
3-2: DOUBLE (Flyball, 8RXD, EV 105.0 MPH)
Batting: RHB Dave Hall 0-0: Called Strike
0-1: Foul Ball, location: 2F
0-2: Ball
1-2: Strikes out swinging
Batting: LHB Gustavo Gonzáles 0-0: Ball
1-0: DOUBLE (Flyball, 8RXD, EV 102.5 MPH)
Félix Pacheco scores
Batting: SHB John Clay 0-0: Swinging Strike
0-1: Swinging Strike
0-2: Strikes out swinging
Bottom of the 7th over - 1 run, 2 hits, 0 errors, 1 left on base; Put-In-Bay 5 - Monroeville 3
TOP OF THE 8TH
Put-In-Bay BC batting - Pitching for Monroeville Yinzers : RHP Jeff Haley
Batting: LHB Tom Bruce 0-0: Ball
1-0: Foul Ball, location: 2F
1-1: Foul Ball, location: 2F
1-2: Strikes out looking
Batting: RHB Bang-xao Li 0-0: Fly out, F8 (Flyball, 8RD, EV 96.2 MPH)
Batting: LHB Rob Litten 0-0: Ball
1-0: Swinging Strike
1-1: Swinging Strike
1-2: Ball
2-2: Foul Ball, location: 2F
2-2: Fly out, F8 (Flyball, 8RM, EV 91.9 MPH)
Top of the 8th over - 0 runs, 0 hits, 0 errors, 0 left on base; Put-In-Bay 5 - Monroeville 3
BOTTOM OF THE 8TH
Monroeville Yinzers batting - Pitching for Put-In-Bay BC : RHP António León
Batting: RHB Mike Sackett 0-0: Ground out U3 (Groundball, 3, EV 77.5 MPH)
Batting: RHB Christian Bray 0-0: Called Strike
0-1: SINGLE (Flyball, 78S, EV 89.4 MPH)
Batting: RHB Jackson Duffy 0-0: Ground out 5-3 (Groundball, 6S, EV 69.4 MPH)
Christian Bray to second
Batting: SHB Cristo López 0-0: Called Strike
0-1: Fly out, F8 (Line Drive, 8RM, EV 87.5 MPH)
Bottom of the 8th over - 0 runs, 1 hit, 0 errors, 1 left on base; Put-In-Bay 5 - Monroeville 3
TOP OF THE 9TH
Put-In-Bay BC batting - Pitching for Monroeville Yinzers : RHP Jeff Haley
Batting: SHB Juan Gallardo 0-0: Foul Ball, location: 2F
0-1: Swinging Strike
0-2: Foul Ball, location: 2F
0-2: Ball
1-2: Foul Ball, location: 2F
1-2: Foul Ball, location: 2F
1-2: Strikes out looking
Batting: RHB Mark Mathews 0-0: Ball
1-0: Ball
2-0: Called Strike
2-1: SINGLE (Flyball, 9S, EV 94.4 MPH)
Batting: LHB Fernan Espinoza 0-0: Ball
1-0: Ball
2-0: Called Strike
2-1: Fielders Choice at 2nd, 4-6 (Groundball, 4, EV 110.0 MPH)
Pitching: RHP Edward Swetnam
Batting: SHB Héctor Solís 0-0: Ball
1-0: Foul Ball, location: 2F
1-1: Ball
2-1: Called Strike
2-2: Foul Ball, location: 2F
2-2: Ground out 4-3 (Groundball, 4, EV 84.4 MPH)
Top of the 9th over - 0 runs, 1 hit, 0 errors, 1 left on base; Put-In-Bay 5 - Monroeville 3
BOTTOM OF THE 9TH
Monroeville Yinzers batting - Pitching for Put-In-Bay BC : RHP António León
Pitching: LHP Bruce Kimsey
Now at 1B: Kenny Simmons
Now at 3B: Zach Stafford
Batting: SHB Chong-hun Cho 0-0: Called Strike
0-1: Ball
1-1: SINGLE (Line Drive, 34D, EV 106.2 MPH)
Batting: RHB Félix Pacheco 0-0: Called Strike
0-1: Foul Ball, location: 2F
0-2: Strikes out swinging
Batting: RHB Dave Hall 0-0: Foul Ball, location: 2F
0-1: Swinging Strike
0-2: Ball
1-2: Ball
2-2: SINGLE (Line Drive, 4D, EV 105.6 MPH)
Chong-hun Cho to second
Pinch Hitting: RHB Rubén Camacho 0-0: Foul Ball, location: 2F
0-1: Reaches on Catchers interference
Chong-hun Cho to third
Dave Hall to second
Batting: SHB John Clay 0-0: Ball
1-0: Foul Ball, location: 2F
1-1: Ball
2-1: SINGLE (Groundball, 6, EV 81.9 MPH) (infield hit)
Chong-hun Cho scores
Dave Hall to third
Rubén Camacho to second
Pitching: RHP Ray White
Pinch Hitting: LHB Rashid Jeltkov 0-0: Fly out, F8 (Flyball, 8LD, EV 91.2 MPH)
Runner from 3rd tags up, SCORES, throw by CF
Rubén Camacho to third
Pinch Hitting: SHB Jason Pratt 0-0: Ball
1-0: Foul Ball, location: 2F
1-1: Foul Ball, location: 2F
1-2: Ball
2-2: Strikes out swinging
Bottom of the 9th over - 2 runs, 3 hits, 1 error, 2 left on base; Put-In-Bay 5 - Monroeville 5
TOP OF THE 10TH
Put-In-Bay BC batting - Pitching for Monroeville Yinzers : RHP Edward Swetnam
Pitching: RHP Jeremy Harness
Now at C: Drake Riley Jr.
Now at 2B: José Calderón
Now in CF: Jason Pratt
Pinch Hitting: LHB Roberto Pacheco 0-0: Ball
1-0: Ball
2-0: Swinging Strike
2-1: Ball
3-1: Base on Balls
Pinch Hitting: LHB Mies Lumme 0-0: Ball
1-0: Swinging Strike
1-1: Fielders Choice at 2nd, 1-6 (Groundball, 34S, EV 86.9 MPH)
Batting: LHB Tom Bruce 0-0: Ball
1-0: Foul Ball, location: 2F
1-1: Ball
2-1: Ball
3-1: Called Strike
3-2: Base on Balls
Mies Lumme to second
Batting: RHB Bang-xao Li 0-0: Grounds into double play, 4-6-3 (Groundball, 4, EV 98.1 MPH)
Top of the 10th over - 0 runs, 0 hits, 0 errors, 1 left on base; Put-In-Bay 5 - Monroeville 5
BOTTOM OF THE 10TH
Monroeville Yinzers batting - Pitching for Put-In-Bay BC : RHP Ray White
Now at 1B: Mies Lumme
Now at 3B: Jeffrey Turner
Batting: RHB Jackson Duffy 0-0: Ball
1-0: Called Strike
1-1: Called Strike
1-2: Ball
2-2: Strikes out looking
Batting: SHB Cristo López 0-0: Foul Ball, location: 2F
0-1: SINGLE (Groundball, 6MD, EV 97.5 MPH)
Batting: SHB Chong-hun Cho 0-0: Ball
1-0: Called Strike
1-1: Foul Ball, location: 2F
1-2: Fly out, F7 (Flyball, 78M, EV 87.5 MPH)
Batting: RHB Félix Pacheco 0-0: Called Strike
0-1: Ball
1-1: Called Strike
1-2: DOUBLE (Line Drive, 9LS, EV 101.2 MPH)
Cristo López to third
Runner from 3rd tries for Home, SAFE, throw by RF to trailing runner, SAFE at third!
GAME OVER ... MONROEVILLE DEFEATS PUT
In-Bay, 6 to 5
Friday, March 26th, 2021 - OOTP Baseball 20.8 Build 74